 Dungeon Crawl Stone Soup version 0.30-a0-778-g2ef04afb54 (webtiles) character file.

Game seed: 11497318930727087815

918 dolemite99 the Magician (level 8, -8/91 HPs)
             Began as a Djinni Fire Elementalist on Feb 17, 2023.
             Was a Follower of Cheibriados.
             Mangled by an ogre
             ... wielding a +0 giant club
              (18 damage)
             ... on level 6 of the Dungeon.
             The game lasted 00:08:33 (6419 turns).

dolemite99 the Magician (Djinni Fire Elementalist)  Turns: 6419, Time: 00:08:34

Health: -8/91      AC: 24    Str: 10    XL:     8   Next: 31%
Gold:   291        EV:  2    Int: 21    God:    Cheibriados [*.....] SH:  0 Dex: 24

rFire   . . .      SeeInvis .    a - staff of cold
rCold   + . .      Faith    .    (no shield)
rNeg    . . .      Spirit   .    (body armour currently unavailable)
rPois   ∞          Reflect  .    (helmet currently unavailable)
rElec   .          Harm     .    (cloak currently unavailable)
rCorr   .          Rampage  .    (gloves currently unavailable)
Will    .....      NoTele   +    (boots unavailable)
Stlth   ++                       (no amulet)
HPRegen 0.35/turn                l - +6 ring of dexterity
MPRegen 0.00/turn                (no ring)

@: brilliant, tree-form, very slow
A: stationary, stasis, torment immunity, boosted hp, sickness immunity, (fire
resistance 2), (cold vulnerability 1), float, innate caster, HP casting, extra
vitality 1, mutation resistance 1
a: Renounce Religion, Bend Time


You were on level 6 of the Dungeon.
You worshipped Cheibriados.
Cheibriados was aware of your devotion.
You were a tree.
You visited 1 branch of the dungeon, and saw 6 of its levels.

You collected 291 gold pieces.

Inventory:

Hand Weapons
 f - a +0 dagger
 z - a +0 sling
 A - a +0 dagger
 C - a +0 war axe
 D - the +6 mace "Nuitil" {vamp, rF+}
   (You found it on level 5 of the Dungeon)

   rF:        It protects you from fire.
Missiles
 c - 22 poisoned darts
 e - 4 boomerangs
 g - 2 throwing nets
Armour
 b - a +0 robe (melded)
 h - a +0 helmet (melded)
 w - a +0 pair of gloves
Magical Staves
 a - a staff of cold (weapon)
Jewellery
 l - a +6 ring of dexterity (left branch)
 x - an amulet of reflection
Wands
 F - a wand of flame (14)
Scrolls
 j - a scroll of amnesia
 n - 2 scrolls of immolation {unknown}
 o - 4 scrolls of teleportation {unknown}
 r - 2 scrolls of vulnerability {unknown}
 t - a scroll of fog {unknown}
 u - 2 scrolls of blinking {unknown}
 y - 2 scrolls of torment {unknown}
 B - a scroll of enchant armour {unknown}
Potions
 d - a potion of degeneration
 k - a potion of mutation
 q - 2 potions of might
 s - a potion of lignification


   Skills:
 + Level 5.7 Fighting
 - Level 2.1 Dodging
 - Level 1.5 Stealth
 + Level 5.7 Spellcasting


You couldn't memorise any spells.
You knew the following spells:

 Your Spells              Type           Power      Damage    Failure   Level
a - Foxfire               Conj/Fire      100%       2x1d9     1%          1
b - Freeze                Ice            100%       1d10      1%          1
c - Scorch                Fire           90%        2d10      1%          2
d - Poisonous Vapours     Pois/Air       90%        N/A       1%          2
e - Flame Wave            Conj/Fire      45%        2d12      10%         4
f - Kindle Blastsparks    Fire/Tloc/Air  90%        2d17      2%          3
g - Inner Flame           Hex/Fire       45%        N/A       2%          3
h - Passwall              Tmut/Erth      37%        N/A       1%          2
Your spell library was empty.

Dungeon Overview and Level Annotations

Branches:
Dungeon (6/15)
 Temple: D:4-7

Altars:
Cheibriados

Shops:
D:4 =


Innate Abilities, Weirdness & Mutations

You are a tree.
Your roots penetrate the ground, keeping you stationary.
You cannot be teleported.
You are immune to unholy pain and torment.
Your maximum health is greatly increased.
Your equipment is partially melded.
You are immune to sickness and miasma.
You are immune to poison.
((Your flesh is very heat resistant. (rF++)))
((You are vulnerable to cold. (rC-)))
You float through the air rather than walking.
You learn spells naturally, not from books.
Your magical power is your life essence.
You have superior vitality. (+4 MHP)
You are somewhat resistant to further mutation.


Message History

The ogre hits you with a +0 giant club!
* * * LOW HITPOINT WARNING * * *
Casting: Freeze (safe; 1% risk of failure)
Confirm with . or Enter, or press ? or * to list all spells.
Aiming: Freeze (safe; 1% risk of failure)
Press: ? - help, Shift-Dir - straight line, f/p - ogre
Aim: an ogre, wielding a +0 giant club (moderately wounded)
You feel a strong surge of power!
You freeze the ogre.
The ogre is heavily wounded.
* * * LOW HITPOINT WARNING * * *
The centaur hits you with a +0 trident.
* * * LOW HITPOINT WARNING * * *
The centaur kicks you but does no damage.
Casting: Freeze (safe; 1% risk of failure)
Confirm with . or Enter, or press ? or * to list all spells.
Aiming: Freeze (safe; 1% risk of failure)
Press: ? - help, Shift-Dir - straight line, f/p - ogre
Aim: an ogre, wielding a +0 giant club (heavily wounded)
You feel a strong surge of power!
You freeze the ogre.
The ogre is heavily wounded.
* * * LOW HITPOINT WARNING * * *
The centaur hits you with a +0 trident.
* * * LOW HITPOINT WARNING * * *
The centaur kicks you but does no damage.
The ogre hits you but does no damage. The centaur hits you with a +0 trident.
* * * LOW HITPOINT WARNING * * *
The centaur kicks you but does no damage.
Casting: Freeze (safe; 1% risk of failure)
Confirm with . or Enter, or press ? or * to list all spells.
Aiming: Freeze (safe; 1% risk of failure)
Press: ? - help, Shift-Dir - straight line, f/p - ogre
Aim: an ogre, wielding a +0 giant club (heavily wounded)
You feel a strong surge of power!
You freeze the ogre.
The ogre is severely wounded.
* * * LOW HITPOINT WARNING * * *
The centaur hits you with a +0 trident.
* * * LOW HITPOINT WARNING * * *
The centaur kicks you but does no damage.
The ogre hits you with a +0 giant club!!
You die...

#.....#
#.....####
#........
#.....#
#.....##..#
#..........
##.....#....
#Oc)...#.#..
##.♣...##.# .
#~....###.####.
#)#####......>.
#~~####†##.####
# #~~~<÷†..#[#
..##≈≈~.....).#
.K#≈≈~~.....###
#..##≈~~.#####
## #~~~.#


You could see an ogre and a centaur.

Vanquished Creatures
  A steam dragon (D:6)
  A water moccasin (D:5)
  2 black bears
  An ogre (D:5)
  A howler monkey (D:6)
  A jelly (D:5)
  2 orc priests (D:3)
  A hound (D:4)
  An iguana (D:5)
  3 gnolls (D:5)
  11 adders
  A worm (D:4)
  A dart slug (D:4)
  16 orcs
  6 ball pythons
  6 endoplasms
  2 giant cockroaches (D:1)
  13 hobgoblins
  A jackal (D:2)
  10 kobolds
  4 quokkas
  8 bats
  6 frilled lizards
  9 goblins
  3 rats
111 creatures vanquished.

Vanquished Creatures (others)
  170 foxfires
  24 plants (D:4)
194 creatures vanquished.

Grand Total: 305 creatures vanquished

Notes
Turn   | Place    | Note
-------+----------+-------------------------------------------
     0 | D:1      | dolemite99 the Djinni Fire Elementalist began the quest for
                  | the Orb.
     0 | D:1      | dolemite99 set off with the following spells memorised:
                  | Foxfire, Scorch, Kindle Blastsparks, Inner Flame, Flame
                  | Wave.
     0 | D:1      | Reached XP level 1. HP: 15/15 MP: 0/0
   172 | D:1      | Reached XP level 2. HP: 7/21 MP: 0/0
   561 | D:1      | Reached XP level 3. HP: 11/25 MP: 0/0
   561 | D:1      | Learned a level 1 spell: Freeze
  1295 | D:2      | Reached XP level 4. HP: 30/31 MP: 0/0
  1810 | D:2      | Reached XP level 5. HP: 33/35 MP: 0/0
  1810 | D:2      | Learned a level 2 spell: Poisonous Vapours
  2563 | D:3      | Found a snail-covered altar of Cheibriados.
  2573 | D:3      | Became a worshipper of Cheibriados the Contemplative
  2724 | D:3      | Reached XP level 6. HP: 23/40 MP: 0/0
  3948 | D:4      | Found Luiceepi's Jewellery Shoppe.
  4026 | D:4      | Reached skill level 1 in Fighting
  4641 | D:5      | Entered Level 5 of the Dungeon
  4700 | D:5      | Noticed an ogre
  4729 | D:5      | Noticed a black bear
  4730 | D:5      | Killed an ogre
  4735 | D:5      | Killed a black bear
  4736 | D:5      | Reached XP level 7. HP: 37/52 MP: 0/0
  4736 | D:5      | Learned a level 2 spell: Passwall
  4783 | D:5      | Reached * piety under Cheibriados
  4800 | D:5      | Identified the +6 mace "Nuitil" {vamp, rF+}
  4897 | D:4      | Identified a scroll of acquirement
  4897 | D:4      | Acquired a staff of cold
  5424 | D:5      | Reached skill level 5 in Spellcasting
  5914 | D:5      | Noticed a water moccasin
  5924 | D:5      | Killed a water moccasin
  6204 | D:6      | Reached skill level 5 in Fighting
  6217 | D:6      | Reached XP level 8. HP: 22/59 MP: 0/0
  6407 | D:6      | Gained mutation: You are somewhat resistant to further
                  | mutation. [potion of mutation]
  6419 | D:6      | Mangled by an ogre

Illustrated notes

Levels and vault maps discovered:
D:1:      lightli_arrival_chessboard, layout_rooms
D:2:      minmay_inner_zag, layout_rooms, hex_medium
D:3:      layout_basic, cheibriados_altar_1
D:4:      layout_loops_corners, minmay_shop_enchanted_jewellery,
          dreamdust_mushroom_princess, kennysheep_boxes
D:5:      layout_basic
D:6:      cheibrodos_thug_alley, layout_rooms, hangedman_ru_absence,
          nicolae_qazlal_style_of_elements, mainiacjoe_overflow_alcove_2,
          mainiacjoe_overflow_catwalk, corner_web_ring, grunt_tough_drop,
          uniq_eustachio, uniq_edmund

Skill      XL: |  1  2  3  4  5  6  7 |
---------------+----------------------+-----
Spellcasting   | 3 4 5 |  5.7
Fighting       | 4 5 |  5.7
Dodging        | |  2.1
Stealth        | |  1.5

Action                     |  1- 3 |  4- 6 |  7- 9 || total
---------------------------+-------+-------+-------++-------
  Melee: Unarmed           |     1 |    10 |       ||    11
         War axe           |       |     2 |       ||     2
   Cast: Foxfire           |    32 |    30 |    30 ||    92
         Freeze            |    13 |    48 |    22 ||    83
         Poisonous Vapours |       |     9 |       ||     9
         Scorch            |       |    18 |     2 ||    20
         Kindle Blastspark |       |       |     1 ||     1
    Use: Potion            |     1 |       |     8 ||     9
         Scroll            |       |     2 |     5 ||     7
   Stab: Sleeping          |       |     1 |       ||     1
 Armour: Robe              |     7 |     6 |     4 ||    17
         Skin              |       |       |    41 ||    41
  Dodge: Dodged            |    38 |    40 |    42 ||   120

Table legend: (Time is in decaauts)
 A = Elapsed time spent in this place.
 B = Non-inter-level travel time spent in this place.
 C = Inter-level travel time spent in this place.
 D = Time resting spent in this place.
 E = Time spent auto-exploring this place.
 F = Levels seen in this place.
 G = Mean time per level.
                   A        B        C        D        E       F      G
               +--------+--------+--------+--------+--------+-----+--------+
         Total |   7029 |   6873 |    156 |   2139 |   3558 |   6 | 1171.5 |
       Dungeon |   7029 |   6873 |    156 |   2139 |   3558 |   6 | 1171.5 |
               +--------+--------+--------+--------+--------+-----+--------+

Top non-repeatable levels by time:
     D:3: 1724 daAuts
     D:5: 1584 daAuts
     D:4: 1516 daAuts
     D:1: 1103 daAuts
     D:2: 739 daAuts
     D:6: 361 daAuts
